Map: Acid Plant LE

Players

Scarlett - Winner!

  • Race: Zerg Zerg
  • League: Master
  • Spawn Location: 11:00

Solar

  • Race: Zerg Zerg
  • League: Master
  • Spawn Location: 5:00

Event: Memes & Dreams Invitational

VOD

Have the link to the VOD?

Description

Time

  • Played on: April 15, 2018, 12:16 a.m.
  • Length: 7:55

All games in this series

Show
View Real Time Build Order
Export as new Build Order

Scarlett Zerg - Winner!

Build Orders: Hatch First 

Get SALT Encoding   

  12  0:00  Drone  
  13  0:12  Overlord  
  13  0:16  Drone  
  14  0:30  Drone x2  
  14  0:34  Drone  
  17  0:50  Hatchery  
  17  0:53  Drone  
  17  0:57  Drone  
  18  1:08  Extractor  
  17  1:11  Spawning Pool  
  17  1:15  Drone  
  17  1:18  Drone  
  18  1:28  Drone  
  19  1:38  Drone  
  20  1:49  Drone  
  20  1:51  Evolution Chamber  
  20  1:58  Queen  
  22  2:02  Drone x2, Queen  
  26  2:10  Overlord  
  26  2:13  Drone  
  27  2:16  Zerg Melee Weapons Level 1  
  27  2:23  Drone  
  27  2:28  Drone  
  29  2:33  Drone, Queen  
  29  2:36  Drone  
  33  2:43  Metabolic Boost  
  33  2:44  Overlord  
  33  2:49  Zergling x2  
  34  2:55  Drone  
  34  2:57  Drone  
  36  3:09  Drone x6  
  36  3:12  Drone  
  43  3:16  Baneling Nest  
  43  3:19  Overlord  
  42  3:21  Zergling x2  
  43  3:30  Zergling x2  
  44  3:38  Extractor, Zergling x8  
  47  3:42  Zergling x6  
  47  3:46  Zergling x4  
  52  3:53  Lair, Overlord  
  53  4:01  Hatchery  
  53  4:02  Overlord  
  52  4:09  Overlord  
  52  4:15  Drone  
  52  4:16  Drone x3  
  56  4:18  Zerg Ground Armor Level 1  
  56  4:23  Drone x5  
  61  4:30  Extractor  
  60  4:36  Drone x2  
  60  4:40  Extractor  
  60  4:44  Drone x2  
  57  4:49  Drone x6  
  60  4:54  Spire  
  60  4:57  Overlord  
  59  5:01  Overlord  
  59  5:03  Zergling x2  
  59  5:04  Overseer  
  59  5:06  Zergling x2  
  61  5:18  Zergling x6, Hatchery  
  61  5:20  Zergling x4  
  65  5:25  Zergling x6  
  65  5:26  Zergling x4  
  70  5:28  Unknown  
  70  5:39  Drone x4  
  70  5:41  Extractor  
  73  5:58  Zergling x2  
  73  5:59  Overlord, Zergling x10  
  79  6:05  Mutalisk x6  
  79  6:10  Queen  
  92  6:21  Unknown  
  92  6:23  Overlord  
  92  6:26  Drone  
  92  6:27  Drone x6  
  92  6:30  Extractor  
  95  6:39  Mutalisk x2, Zergling x2  
  100  6:40  Zergling x12  
  100  6:44  Mutalisk  
  100  6:45  Mutalisk  
  110  6:48  Mutalisk  
  110  6:49  Zergling x6  
  110  6:54  Mutalisk, Zergling x2  
  113  6:55  Zergling x4  
  113  7:00  Mutalisk  
  111  7:01  Zergling x2  
  111  7:02  Queen  
  111  7:07  Zergling x4  
  104  7:08  Queen  
  104  7:11  Mutalisk, Zergling x2  
  104  7:14  Zergling x2  
  104  7:15  Zergling x6  
  104  7:20  Zergling x4  
  104  7:21  Zergling x4  
  101  7:23  Mutalisk  
  101  7:24  Zergling x2  
  90  7:34  Zergling x2  
Show
View Real Time Build Order
Export as new Build Order

Solar Zerg 

Build Orders: Hatch First, Roach Nydus 

Get SALT Encoding   

  12  0:01  Drone  
  13  0:13  Overlord  
  13  0:16  Drone  
  14  0:31  Drone x2  
  14  0:35  Drone  
  17  0:51  Hatchery  
  17  0:55  Drone  
  17  1:01  Drone  
  18  1:04  Extractor  
  17  1:15  Spawning Pool  
  17  1:16  Drone  
  17  1:20  Drone  
  18  1:28  Drone  
  19  1:40  Drone  
  20  1:50  Overlord  
  20  2:02  Queen  
  20  2:04  Zergling x2, Queen  
  20  2:05  Zergling x2  
  26  2:14  Drone x2  
  28  2:29  Hatchery  
  27  2:33  Drone  
  27  2:35  Drone  
  29  2:37  Drone  
  29  2:40  Drone  
  31  2:47  Drone  
  31  2:49  Overlord  
  32  2:57  Drone x2  
  34  3:06  Evolution Chamber  
  34  3:10  Drone x2  
  35  3:13  Drone x2  
  35  3:14  Queen  
  35  3:16  Drone x2  
  41  3:21  Overlord  
  41  3:26  Lair  
  41  3:27  Drone x2  
  43  3:35  Roach Warren  
  43  3:38  Zerg Missile Weapons Level 1  
  43  3:41  Drone, Extractor x2  
  43  3:42  Drone  
  43  3:43  Drone  
  43  3:45  Drone  
  43  3:47  Drone  
  45  3:49  Drone  
  45  3:53  Overlord  
  46  3:57  Drone x2  
  48  4:03  Overlord  
  48  4:16  Roach x5  
  60  4:21  Evolution Chamber  
  60  4:23  Roach  
  57  4:27  Roach  
  57  4:38  Evolution Chamber x2  
  55  4:39  Roach x2  
  55  4:41  Roach  
  55  4:42  Roach  
  61  4:49  Roach Warren  
  62  4:54  Roach Warren  
  62  4:56  Drone x5  
  67  5:01  Overseer  
  67  5:02  Overlord  
  67  5:07  Overlord  
  67  5:11  Zerg Ground Armor Level 1  
  67  5:15  Overlord  
  67  5:20  Extractor, Queen  
  69  5:23  Overlord  
  69  5:32  Nydus Network  
  69  5:34  Roach x3  
  74  5:36  Glial Reconstitution  
  74  5:45  Overlord  
  74  5:47  Hatchery  
  73  5:52  Roach  
  73  5:53  Roach  
  73  5:55  Roach  
  79  5:58  Roach  
  79  6:01  Roach  
  79  6:03  Roach  
  85  6:06  Roach  
  85  6:09  Roach  
  89  6:19  Overlord  
  89  6:20  Roach  
  89  6:23  Roach  
  93  6:26  Nydus Canal  
  93  6:31  Roach x3  
  93  6:32  Hatchery  
  98  6:35  Roach  
  98  6:39  Roach  
  104  6:40  Roach  
  104  6:41  Roach  
  103  6:54  Overlord  
  103  6:57  Spore Crawler  
  103  6:59  Queen  
  103  7:00  Queen  
  98  7:08  Spore Crawler  
  83  7:14  Roach x2  
  83  7:20  Spore Crawler  
  83  7:21  Spore Crawler  
  77  7:25  Roach  
  77  7:26  Roach  
  77  7:29  Roach  
  77  7:32  Roach  
  77  7:35  Spore Crawler  
Tags
 
Add a new tag
Caveats
  • Supply blocks, unpowered buildings, or Contaminate may cause inaccurate times.
  • Supply counts are checked every 10 seconds.